 Dungeon Crawl Stone Soup version 0.30.0-5-g1a98f26d00 (webtiles) character file.

Game seed: 7102457267508672498

648 bmack86 the Chopper (level 7, -3/61 HPs)
             Began as a Minotaur Fighter on May 8, 2023.
             Slain by Joseph
             ... wielding a +0 quarterstaff
              (15 damage)
             ... on level 8 of the Dungeon.
             The game lasted 00:06:49 (3503 turns).

bmack86 the Chopper (Minotaur Fighter)              Turns: 3503, Time: 00:06:50

Health: -3/61      AC: 13    Str: 22    XL:     7   Next: 27%
Magic:  6/6        EV:  8    Int:  5    God:
Gold:   211        SH:  5    Dex: 10    Spells: 6/6 levels left

rFire   . . .        a - +0 war axe
rCold   . . .        c - +0 buckler
rNeg    . . .        s - +0 chain mail
rPois   .            (helmet restricted)
rElec   .            p - +0 cloak
rCorr   .            f - +1 pair of gloves
SInv    .            (no boots)
Will    .....        o - amulet of regeneration Stlth
                     (no ring)
HPRegen 1.10/turn    (no ring)
MPRegen 0.10/turn

%: no passive effects
@: no status effects
A: horns 2, retaliatory headbutt
a: no special abilities


You were on level 8 of the Dungeon.
You visited 1 branch of the dungeon, and saw 6 of its levels.

You collected 211 gold pieces.

Inventory:

Hand Weapons
 a - a +0 war axe (weapon)
 q - the +3 Elemental Staff {rElec rF+ rC+ AC+3}
   (You found it on level 3 of the Dungeon)

   It enhances your fire, ice, earth and air magic.
   AC:        It affects your AC (+3).
   rF:        It protects you from fire.
   rC:        It protects you from cold.
   rElec:     It insulates you from electricity.
 A - a +0 war axe
Missiles
 e - 10 poisoned darts
 r - 4 boomerangs
 C - a throwing net
Armour
 b - a +0 scale mail
 c - a +0 buckler (worn)
 f - a +1 pair of gloves (worn)
 p - a +0 cloak (worn)
 s - a +0 chain mail (worn)
Jewellery
 o - an amulet of regeneration (around neck)
 w - a ring of ice
Wands
 g - a wand of flame (6) (quivered)
 v - a wand of acid (6)
 x - a wand of polymorph (6)
 y - a wand of roots (3)
 B - a wand of digging (7)
Scrolls
 j - 2 scrolls of teleportation
Potions
 h - a potion of cancellation
 i - 2 potions of curing
 l - a potion of brilliance {unknown}
 m - a potion of mutation {unknown}
 n - a potion of flight {unknown}
 t - a potion of degeneration {unknown}
 u - 2 potions of haste {unknown}
 z - a potion of magic {unknown}


   Skills:
 + Level 5.2 Fighting
 * Level 6.0 Axes
 + Level 2.9 Throwing
 + Level 5.3 Armour
 + Level 5.2 Shields


You had 6 spell levels left.
You didn't know any spells.
Your spell library contained the following spells:

 Spells                   Type           Power      Damage    Failure   Level
 Blade Hands              Tmut           0%         N/A       100%        5
 Irradiate                Conj/Tmut      0%         3d11      100%        5
 Dragon Form              Tmut           0%         N/A       100%        7


Dungeon Overview and Level Annotations

Branches:
Dungeon (5/15)
 Temple: D:4-7

Altars:
Kikubaaqudgha

Annotations:
D:8 Joseph


Innate Abilities, Weirdness & Mutations

You have a pair of horns on your head.
You reflexively headbutt those who attack you in melee.


Message History

* * * LOW HITPOINT WARNING * * *
You closely miss something. Something hits you.
* * * LOW HITPOINT WARNING * * *
You miss something. Your headbutt misses something. Something hits you.
* * * LOW HITPOINT WARNING * * *
It was a potion of ambrosia.
You are confused.
You feel invigorated. Something hits you but does no damage.
Something hits you.
* * * LOW HITPOINT WARNING * * *
You hear a sling whirr.
A sling bullet appears from out of thin air!
The sling bullet hits you!
* * * LOW HITPOINT WARNING * * *
You're too confused to move!
You hear a sling whirr.
A sling bullet appears from out of thin air!
The sling bullet hits you!
* * * LOW HITPOINT WARNING * * *
You hear a zap.
A puff of flame appears from out of thin air!
The puff of flame hits you but does no damage.
You barely miss something. Something hits you.
* * * LOW HITPOINT WARNING * * *
You closely miss something. Your headbutt misses something.
You hear a zap.
A puff of flame appears from out of thin air!
The puff of flame hits you!
* * * LOW HITPOINT WARNING * * *
You're too confused to move!
Something hits you.
You're too confused to move!
You feel less invigorated.
You feel less confused. Something hits you.
You hit something but do no damage. Something hits you.
* * * LOW HITPOINT WARNING * * *
You closely miss something. Your headbutt misses something. Something hits you!
* * * LOW HITPOINT WARNING * * *
You block something's attack.
You barely miss something. Something hits you!
You die...

.. ..#.#.#.#.#.#.#.#.#..
. ...................##
...#.#.#.#.#.#.#.#.#.#..
..[.....................
..#.#.#.#.#.#.#.#.#.#.#.
......................
...#.#.#.#.#.#.#.#.#.#..
......{@................
....#.#.#.#.#.#.#.#.#.##
.#......................
#...#.#.#.#.#.#.#.#..##
####...................
#.#.#.#.#.#.#.#.##.#
##............... ..
#$#.#.#.#.#.#...#.. ..


There were no monsters in sight!

Vanquished Creatures
  A water moccasin (D:5)
  Duvessa (D:5)
  A scorpion (D:4)
  Dowan (D:5)
  3 hounds (D:5)
  A jelly (D:5)
  An iguana (D:4)
  Ijyb (D:4)
  Terence (D:2)
  3 gnolls (D:4)
  3 adders
  A worm (D:4)
  13 orcs
  5 ball pythons
  9 bats
  9 endoplasms
  3 giant cockroaches
  5 goblins
  A hobgoblin (D:1)
  2 kobolds (D:1)
  4 quokkas
  A frilled lizard (D:1)
  4 rats
74 creatures vanquished.

Notes
Turn   | Place    | Note
-------+----------+-------------------------------------------
     0 | D:1      | bmack86 the Minotaur Fighter began the quest for the Orb.
     0 | D:1      | Reached XP level 1. HP: 19/19 MP: 0/0
   115 | D:1      | Found a faded altar of an unknown god.
   236 | D:1      | Reached XP level 2. HP: 27/27 MP: 1/1
   342 | D:1      | Reached skill level 3 in Axes
   988 | D:2      | Reached skill level 1 in Throwing
   988 | D:2      | Reached XP level 3. HP: 33/33 MP: 2/2
  1042 | D:2      | Noticed Terence
  1052 | D:2      | Killed Terence
  1112 | D:2      | Found an ancient bone altar of Kikubaaqudgha.
  1640 | D:3      | Found the +3 Elemental Staff {rElec rF+ rC+ AC+3}
  1892 | D:3      | Reached XP level 4. HP: 40/40 MP: 3/3
  2483 | D:4      | Reached skill level 4 in Axes
  2531 | D:4      | Reached XP level 5. HP: 47/47 MP: 4/4
  2696 | D:4      | Noticed Ijyb
  2705 | D:4      | Killed Ijyb
  3165 | D:4      | Identified the +3 short sword "Teriamuh" {spect, rCorr
                  | Str+2 Stlth-}
  3194 | D:4      | Reached XP level 6. HP: 50/53 MP: 5/5
  3228 | D:5      | Entered Level 5 of the Dungeon
  3241 | D:5      | Reached skill level 5 in Axes
  3317 | D:5      | Noticed a water moccasin
  3326 | D:5      | Killed a water moccasin
  3327 | D:5      | Reached skill level 5 in Fighting
  3327 | D:5      | Reached skill level 5 in Armour
  3343 | D:5      | Reached skill level 5 in Shields
  3349 | D:5      | Noticed Duvessa
  3350 | D:5      | Noticed Dowan
  3359 | D:5      | Killed Duvessa
  3360 | D:5      | Reached XP level 7. HP: 39/61 MP: 6/6
  3364 | D:5      | Killed Dowan
  3365 | D:5      | Reached skill level 6 in Axes
  3464 | D:5      | You fall into a shaft and drop 3 floors!
  3475 | D:8      | Noticed Joseph
  3503 | D:8      | Slain by Joseph

Illustrated notes

Levels and vault maps discovered:
D:1:      dpeg_arrival_tiny_c, layout_basic,
          shapermc_ecumenical_altar_mp_highgroup
D:2:      layout_basic, basic_altar, chequers_avenue, uniq_terence
D:3:      layout_basic
D:4:      layout_loops_ring, serial_glass, glass_columns_a, glass_columns_a,
          minivault_4, chequers_serial_rivers_large_b, minivault_4, uniq_ijyb
D:5:      layout_loops_ring, gammafunk_ghost_arena, serial_shops,
          nicolae_shop_trees, uniq_duvessa, uniq_eustachio, uniq_menkaure
D:8:      layout_basic, nicolae_wu_jian_wuxing_cycle, kennysheep_mini_moat,
          enter_bailey_2, hex_large, uniq_pikel, uniq_joseph, uniq_psyche

Skill      XL: |  1  2  3  4  5  6  7 |
---------------+----------------------+-----
Axes           | 3 4 5 6 |  6.0
Throwing       | 1 2 |  2.9
Fighting       | 4 5 |  5.2
Armour         | 4 5 |  5.3
Shields        | 4 5 |  5.2

Action                     |  1- 3 |  4- 6 |  7- 9 || total
---------------------------+-------+-------+-------++-------
  Melee: War axe           |    52 |    97 |    18 ||   167
         Headbutt          |     9 |    19 |       ||    28
  Evoke: Wand              |       |     6 |       ||     6
    Use: Scroll            |     6 |     7 |       ||    13
         Potion            |       |     1 |     1 ||     2
 Armour: Scale mail        |    27 |       |       ||    27
         Chain mail        |       |    39 |     7 ||    46
  Dodge: Dodged            |    38 |    40 |     1 ||    79
  Block: Buckler           |    18 |    33 |     2 ||    53
